 Dungeon Crawl Stone Soup version 0.24-a0-441-g27f0392 (webtiles) character file.

Game seed: 11899038447776975868

826 robertstho the Chucker (level 7, -2/72 HPs)
             Began as an Ogre Hunter on June 20, 2019.
             Blown up by Pikel (28 damage)
             ... with a disintegration bolt
             ... on level 5 of the Dungeon.
             The game lasted 00:10:14 (5224 turns).

robertstho the Chucker (Ogre Hunter)                Turns: 5224, Time: 00:10:14

Health: -2/72      AC:  8    Str: 17    XL:     7   Next: 96%
Magic:  7/7        EV:  6    Int: 19    God:
Gold:   128        SH: 11    Dex: 11    Spells: 6/6 levels left

rFire    . . .     SeeInvis .   u - +1 hand axe (elec)
rCold    . . .     Gourm    .   y - +0 large shield
rNeg     . . .     Faith    .   b - +0 robe
rPois    .         Spirit   .   (helmet restricted)
rElec    .         Reflect  .   t - +2 cloak
rCorr    .         Harm     .   (gloves unavailable)
MR       .....                  (boots unavailable)
Stlth    ++........             (no amulet)
HPRegen  0.22/turn              j - ring of wizardry
MPRegen  0.10/turn              (no ring)

@: brilliant, flying, hasted, very quick
A: large, unfitting armour, slimy green scales 1, clever 1, tough skin 1, wild
magic 1
a: no special abilities


You were on level 5 of the Dungeon.
You were hungry.

You visited 1 branch of the dungeon, and saw 5 of its levels.

You collected 128 gold pieces.

Inventory:

Hand Weapons
 a - a +0 short sword
 u - a +1 hand axe of electrocution (weapon)
Armour
 b - a +0 robe (worn)
 t - a +2 cloak (worn)
 y - a +0 large shield (worn)
Jewellery
 j - a ring of wizardry (left hand)
 p - a +1 ring of evasion {unknown}
 r - an uncursed amulet of the gourmand {unknown}
Wands
 q - a wand of disintegration (19)
Scrolls
 h - a scroll of fog {unknown}
 i - 4 scrolls of teleportation {unknown}
 k - 5 scrolls of identify {unknown}
 m - 3 scrolls of remove curse {unknown}
 o - a scroll of fear {unknown}
 s - a scroll of magic mapping {unknown}
 w - a scroll of immolation {unknown}
 x - 2 scrolls of enchant armour {unknown}
Potions
 f - 4 potions of brilliance
 l - a potion of curing
Comestibles
 g - 8 rations


   Skills:
 + Level 5.1 Fighting
 + Level 3.8 Short Blades
 + Level 1.7 Axes
 + Level 5.6 Throwing
 + Level 3.8 Dodging
 + Level 2.2 Stealth
 + Level 0.3 Shields


You had 6 spell levels left.
You didn't know any spells.
Your spell library was empty.

Dungeon Overview and Level Annotations

Branches:
Dungeon (5/15)
 Temple: D:4-7

Altars:
Elyvilon
Uskayaw

Annotations:
D:5 Pikel


Innate Abilities, Weirdness & Mutations

You are too large for most types of armour.
You have tough skin. (AC +1)
You are partially covered in slimy green scales. (AC +2)
Your mind is acute. (Int +2)
Your spells are a little harder to cast, but a little more powerful.


Message History

You closely miss Pikel.
Pikel is moderately wounded.
You hit the slave. The slave hits you but does no damage.
Pikel hits you with a +1 whip of electrocution!
You hit Pikel but do no damage.
Pikel is moderately wounded.
You hit the slave. The slave hits you but does no damage.
Pikel closely misses you.
You hit Pikel.
Pikel is heavily wounded.
You hit the slave but do no damage. You block the slave's attack.
You slash Pikel!
Pikel is heavily wounded.
You barely miss the slave.
Pikel cracks his whip.
Pikel hits you but does no damage. The slave closely misses you.
Your shield prevents you from hitting Pikel.
Pikel is heavily wounded.
You closely miss the slave.
Pikel zaps a wand.
You are blasted!
You die...

.###.###.###.#.#####..######
## ### ######### #)## #...##
#.# ......#####.#
.$.(........# ........##..#
......#.##..# ..... #p##..#
.... #@##..# ... #K##..# ..
#p##..# . apl#..# .Y. ....#
.#.## .....


You could see Pikel, a sky beast, 3 slaves, a worker ant and a leopard gecko.

Vanquished Creatures
  Grinder (D:3)
  An ogre (D:4)
  A phantom (D:5)
  A howler monkey (D:4)
  A jelly (D:5)
  A hound (D:4)
  2 orc wizards
  A bullfrog skeleton (D:3)
  An iguana (D:5)
  2 worker ants (D:4)
  A hound zombie (D:4)
  8 adders
  3 gnolls (D:4)
  An ooze (D:2)
  4 worms
  2 dart slugs
  A leopard gecko (D:3)
  9 orcs
  3 giant cockroaches
  7 goblins
  5 hobgoblins
  6 jackals
  4 quokkas
  A ball python zombie (D:5)
  3 bats
  4 frilled lizards
  9 kobolds
  6 rats
89 creatures vanquished.

Vanquished Creatures (others)
  A hound (D:4)
  An adder skeleton (D:4)
2 creatures vanquished.

Grand Total: 91 creatures vanquished

Notes
Turn   | Place    | Note
-------+----------+-------------------------------------------
     0 | D:1      | robertstho the Ogre Hunter began the quest for the Orb.
     0 | D:1      | Reached XP level 1. HP: 22/22 MP: 1/1
   220 | D:1      | Reached XP level 2. HP: 24/29 MP: 2/2
  1192 | D:1      | Reached XP level 3. HP: 32/36 MP: 3/3
  1578 | D:2      | Reached skill level 1 in Short Blades
  1850 | D:2      | Reached XP level 4. HP: 45/45 MP: 4/4
  2246 | D:2      | Reached skill level 1 in Stealth
  2824 | D:3      | Reached XP level 5. HP: 21/53 MP: 5/5
  3080 | D:3      | Found a hide-covered altar of Uskayaw.
  3262 | D:3      | Noticed Grinder
  3266 | D:3      | Killed Grinder
  3266 | D:3      | Reached skill level 5 in Throwing
  3266 | D:3      | Reached XP level 6. HP: 58/62 MP: 6/6
  4221 | D:4      | Reached XP level 7. HP: 71/71 MP: 7/7
  4618 | D:4      | Found a white marble altar of Elyvilon.
  4891 | D:5      | Entered Level 5 of the Dungeon
  4893 | D:5      | Reached skill level 1 in Axes
  4957 | D:5      | Reached skill level 5 in Fighting
  5199 | D:5      | Noticed Pikel
  5215 | D:5      | Gained mutation: You are partially covered in slimy green
                  | scales. (AC +2) [potion of mutation]
  5215 | D:5      | Gained mutation: Your spells are a little harder to cast,
                  | but a little more powerful. [potion of mutation]
  5215 | D:5      | Gained mutation: Your mind is acute. (Int +2) [potion of
                  | mutation]
  5224 | D:5      | Blown up by Pikel

Levels and vault maps discovered:
D:1:      dpeg_arrival_boxes_within_box, layout_basic
D:2:      layout_basic
D:3:      layout_rooms, old_standard_altar, uniq_grinder
D:4:      layout_rooms, elyvilon_altar_4, first_ration, kennysheep_small_spiral
D:5:      layout_loops_ring, gammafunk_temple_overflow_elements,
          temple_doors_cd, grunt_decor_resistance, minmay_misc_feat_alley,
          uniq_sigmund, uniq_pikel, uniq_crazy_yiuf_cottage

Skill      XL: |  1  2  3  4  5  6  7 |
---------------+----------------------+-----
Fighting       | 3 4 5 |  5.1
Short Blades   | 1 2 3 |  3.8
Dodging        | 2 3 |  3.8
Stealth        | 1 2 |  2.2
Throwing       | 5 |  5.6
Axes           | 1 |  1.7
Shields        | |  0.3

Action                   |  1- 3 |  4- 6 |  7- 9 || total
-------------------------+-------+-------+-------++-------
Melee: Short sword       |   120 |   187 |       ||   307
       Hand axe          |       |     5 |    59 ||    64
Throw: Large rock        |    15 |    21 |    11 ||    47
       Throwing net      |     2 |     1 |     2 ||     5
  Use: Potion            |       |       |     8 ||     8
 Stab: Sleeping          |       |     2 |     3 ||     5
       Held in net/web   |       |       |     2 ||     2
  Eat: Ration            |     1 |       |       ||     1
       Chunk             |       |     7 |     3 ||    10
Armor: Robe              |    38 |    43 |     9 ||    90
Dodge: Dodged            |    72 |   110 |    26 ||   208
Block: Large shield      |       |       |    26 ||    26

Table legend:
 A = Non-vault XP
 B = Vault XP
 C = Vault XP percentage of total XP
 D = Non-vault monster count
 E = Vault monster count
 F = Vault count percentage of total count
                 A         B        C        D         E       F
            +---------+---------+-------+---------+---------+-------
      Total |     913 |     267 |  22.6 |      88 |       1 |   1.1
            +---------+---------+-------+---------+---------+-------
        D:1 |      34 |       0 |   0.0 |      20 |       0 |   0.0
        D:2 |     105 |       0 |   0.0 |      22 |       0 |   0.0
        D:3 |     140 |     267 |  65.6 |      24 |       1 |   4.0
        D:4 |     420 |       0 |   0.0 |      15 |       0 |   0.0
        D:5 |     214 |       0 |   0.0 |       7 |       0 |   0.0
            +---------+---------+-------+---------+---------+-------
